Predators vs Devils
Created - 1 avril 2013 at 19:12
Goals
|
| Predators |
0 |
2 |
0 |
1 |
3 |
| Devils |
0 |
1 |
1 |
0 |
2 |
|
Shots
|
| Predators |
6 |
18 |
8 |
1 |
33 |
| Devils |
9 |
10 |
18 |
1 |
38 |
|
1st period
No Goal
Penalties :
Mikael Samuelsson (Nas) for Hooking (Minor) at 9:15
2nd period
1. Predators , Jeff Tambellini 2 (Todd White) at 2:34
2. Predators , Janne Niinimaa 1 (Alexander Ovechkin, Rick DiPietro) at 9:04 (PP)
3. Devils , Sergei Zubov 7 (Jason Williams) at 17:32
Penalties :
Chris Pronger (NJD) for Cross-checking (Minor) at 3:08, Kent Huskins (Nas) for Tripping (Minor) at 5:15, Henrik Zetterberg (NJD) for Roughing (Double Minor) at 8:28, Mike Sillinger (Nas) for Hooking (Minor) at 12:38
3rd period
4. Devils , Marian Hossa 22 (Sergei Zubov) at 11:06 (PP)
Penalties :
Doug Weight (NJD) for Hooking (Minor) at 0:47, Kent Huskins (Nas) for Hooking (Minor) at 10:28, Greg De Vries (NJD) for Interference (Minor) at 18:24
Overtime #1
5. Predators , Mike Ribeiro 21 (Kent Huskins, Adrian Aucoin) at 2:09
Penalties :
No Penalty
Goalie Stats
Rick DiPietro (Nas), 36 saves from 38 shots - (0,947), W, 23-16-2, 62:09 minutes
Jimmy Howard (NJD), 30 saves from 33 shots - (0,909), OTL, 23-17-3, 62:09 minutes
Players Stats for Predators
Player Name G A P +/- PIM S H SB GA TA FO MP PP MP PK MP
------------------------------------------------------------------------------------
Adrian Aucoin 0 1 1 1 0 2 2 1 4 0 0/0 29:08 4:43 3:47
Alexander Ovechkin 0 1 1 0 0 5 3 0 3 1 1/3 23:56 4:38 3:13
Alexander Steen 0 0 0 -1 0 4 1 1 0 1 0/0 16:05 3:30 0:09
Janne Niinimaa 1 0 1 1 0 1 2 1 0 1 0/0 15:40 3:25 0:20
Jean-Pierre Dumont 0 0 0 1 0 1 1 1 0 2 0/1 17:13 4:38 0:00
Jeff Tambellini 1 0 1 1 0 1 1 0 0 0 1/1 6:15 0:00 0:00
Joe Thornton 0 0 0 0 0 7 2 0 2 0 16/30 22:09 4:38 1:15
Kent Huskins 0 1 1 1 4 2 1 0 0 2 0/0 21:34 0:00 1:51
Mariusz Czerkawski 0 0 0 1 0 0 0 0 0 0 0/0 6:15 0:00 0:00
Michael Grabner 0 0 0 -1 0 1 1 0 0 0 0/0 15:55 3:30 0:00
Mikael Samuelsson 0 0 0 0 2 0 1 1 0 0 2/2 14:47 0:00 0:00
Mike Ribeiro 1 0 1 0 0 3 1 0 0 0 4/10 15:57 3:30 0:01
Mike Sillinger 0 0 0 0 2 3 0 0 0 0 7/14 14:16 0:00 2:06
Oleg Saprykin 0 0 0 0 0 2 2 0 1 1 0/1 15:19 0:00 3:13
Paul Mara 0 0 0 1 0 0 2 2 0 1 0/0 12:46 0:00 0:51
Robyn Regehr 0 0 0 -1 0 1 0 3 0 0 0/0 21:48 3:25 3:33
Ryan Mcdonagh 0 0 0 -1 0 0 1 0 0 0 0/0 23:23 4:43 2:48
Todd White 0 1 1 1 0 0 0 0 0 0 3/4 9:31 0:00 3:13
Players Stats for Devils
Player Name G A P +/- PIM S H SB GA TA FO MP PP MP PK MP
------------------------------------------------------------------------------------
Anze Kopitar 0 0 0 0 0 0 0 0 1 0 8/27 19:38 3:22 2:34
Ben Lovejoy 0 0 0 0 0 0 0 0 1 1 0/0 20:29 3:43 2:02
Chris Kunitz 0 0 0 0 0 6 0 0 0 0 1/1 10:45 0:09 1:07
Chris Pronger 0 0 0 -2 2 2 3 1 0 3 0/0 25:40 2:52 3:46
Doug Weight 0 0 0 0 2 2 1 2 1 0 12/17 16:33 0:00 4:25
Greg De Vries 0 0 0 1 2 2 0 1 0 0 0/0 22:30 0:00 3:51
Henrik Zetterberg 0 0 0 0 4 4 2 1 3 2 2/4 18:22 3:04 1:33
Jason Williams 0 1 1 0 0 0 0 0 0 0 3/6 10:36 0:00 0:00
Marian Hossa 1 0 1 -1 0 4 1 0 0 1 0/0 22:54 3:04 5:28
Olli Jokinen 0 0 0 -1 0 3 3 0 0 0 3/8 13:06 3:04 0:00
Peter Prucha 0 0 0 0 0 4 2 0 0 0 1/1 9:36 0:09 0:00
Radek Dvorak 0 0 0 0 0 1 1 1 0 1 0/0 10:57 0:09 0:00
Raffi Torres 0 0 0 0 0 0 0 0 0 0 0/0 10:36 0:00 0:00
Ramzi Abid 0 0 0 0 0 1 2 0 1 0 1/1 17:07 3:22 1:33
Richard Matvichuk 0 0 0 -1 0 0 0 0 0 1 0/0 8:06 0:00 0:21
Roman Hamrlik 0 0 0 -1 0 2 1 2 0 0 0/0 20:27 2:52 3:20
Sergei Zubov 1 1 2 1 0 4 4 0 1 0 0/0 27:07 3:43 3:44
Teemu Selanne 0 0 0 0 0 3 1 0 1 1 1/1 15:31 3:22 0:00
3 Stars
1 - Sergei Zubov (NJD)
2 - Janne Niinimaa (Nas)
3 - Rick DiPietro (Nas)
Power Play
Predators - 1 on 5 Attempt(s) - 20,00%
Devils - 1 on 4 Attempt(s) - 25,00%
Penalty Kill
Predators - 3 on 4 Attempt(s) - 75,00%
- Score 0 goal in Penalty Kill
Devils - 4 on 5 Attempt(s) - 80,00%
- Score 0 goal in Penalty Kill
Official
Referees : Walsh Ian and Hasenfratz Mike
Linesman : Dan Schachte and Steve Barton
Game Notes
No Game Note
Finance
Level 1 -- Attendance: 4758 (79,30%) -- Ticket Income 428 220 $
Level 2 -- Attendance: 5000 (100,00%) -- Ticket Income 250 000 $
Level 3 -- Attendance: 1929 (96,45%) -- Ticket Income 48 225 $
Level 4 -- Attendance: 2925 (73,13%) -- Ticket Income 58 500 $
Luxury Box -- Attendance: 730 (73,00%) -- Ticket Income 127 750 $
Game was played at the The prudential Center
Total Attendance: 15342 (85,23%)
Total Ticket Income: 912 695 $
Total Income: 912 695 $
Predators
5 vs 5 Forward
Center Left Wing Right Wing Time % Phy DF OF
1 Joe Thornton Alexander Ovechkin Mikael Samuelsson 40 0 1 4
2 Mike Ribeiro Alexander Steen Michael Grabner 25 1 1 3
3 Mike Sillinger Oleg Saprykin Jean-Pierre Dumont 25 1 2 2
4 Todd White Jeff Tambellini Mariusz Czerkawski 10 1 3 1
5 vs 5 Defense
Defense Defense Time % Phy DF OF
1 Adrian Aucoin Kent Huskins 40 1 2 2
2 Robyn Regehr Ryan Mcdonagh 30 1 2 2
3 Janne Niinimaa Paul Mara 25 1 2 2
4 Adrian Aucoin Ryan Mcdonagh 5 1 2 2
PowerPlay Forward
Center Left Wing Right Wing Time % Phy DF OF
1 Joe Thornton Alexander Ovechkin Jean-Pierre Dumont 60 0 1 4
2 Mike Ribeiro Alexander Steen Michael Grabner 40 0 1 4
PowerPlay Defense
Defense Defense Time % Phy DF OF
1 Adrian Aucoin Ryan Mcdonagh 60 1 1 3
2 Robyn Regehr Janne Niinimaa 40 1 1 3
Penalty Kill 4 Players Forward
Center Wing Time % Phy DF OF
1 Mike Sillinger Alexander Ovechkin 50 1 3 1
2 Todd White Oleg Saprykin 50 1 3 1
Penalty Kill 4 Players Defense
Defense Defense Time % Phy DF OF
1 Adrian Aucoin Robyn Regehr 50 1 3 1
2 Kent Huskins Ryan Mcdonagh 50 1 3 1
Penalty Kill - 3 Players Forward
Forward Time % Phy DF OF
1 Mike Sillinger 50 1 3 1
2 Todd White 50 1 3 1
Penalty Kill - 3 Players Defense
Defense Defense Time % Phy DF OF
1 Adrian Aucoin Kent Huskins 50 1 3 1
2 Robyn Regehr Ryan Mcdonagh 50 1 3 1
4 vs 4 Forward
Center Wing Time % Phy DF OF
1 Joe Thornton Alexander Ovechkin 60 1 2 2
2 Mike Ribeiro Jean-Pierre Dumont 40 1 2 2
4 vs 4 Defense
Defense Defense Time % Phy DF OF
1 Adrian Aucoin Kent Huskins 60 1 2 2
2 Robyn Regehr Ryan Mcdonagh 40 1 2 2
Last Minutes Offensive
Center Left Wing Right Wing Defense Defense
Joe Thornton Alexander Ovechkin Jean-Pierre Dumont Adrian Aucoin Ryan Mcdonagh
Last Minutes Defensive
Center Left Wing Right Wing Defense Defense
Joe Thornton Alexander Ovechkin Jean-Pierre Dumont Adrian Aucoin Robyn Regehr
Goaltenders
Starting : Rick DiPietro
Backup : Nikolai Khabibulin
Extra Forwards
Normal : Michael Grabner, Joe Thornton, Alexander Ovechkin - PP : Mikael Samuelsson, Mike Sillinger - PK : Joe Thornton
Extra Defensemen
Normal : Ryan Mcdonagh, Adrian Aucoin, Robyn Regehr - PP : Paul Mara - PK : Paul Mara, Janne Niinimaa
Penalty Shots
Alexander Ovechkin, Mike Ribeiro, Joe Thornton, Jean-Pierre Dumont, Mike Sillinger
Devils
5 vs 5 Forward
Center Left Wing Right Wing Time % Phy DF OF
1 Anze Kopitar Henrik Zetterberg Marian Hossa 40 0 2 3
2 Doug Weight Ramzi Abid Teemu Selanne 30 0 2 3
3 Olli Jokinen Chris Kunitz Peter Prucha 20 0 2 3
4 Jason Williams Raffi Torres Radek Dvorak 10 0 4 1
5 vs 5 Defense
Defense Defense Time % Phy DF OF
1 Sergei Zubov Greg De Vries 40 0 2 3
2 Chris Pronger Ben Lovejoy 30 0 2 3
3 Chris Pronger Roman Hamrlik 20 0 2 3
4 Roman Hamrlik Richard Matvichuk 10 0 2 3
PowerPlay Forward
Center Left Wing Right Wing Time % Phy DF OF
1 Anze Kopitar Ramzi Abid Teemu Selanne 60 0 1 4
2 Olli Jokinen Henrik Zetterberg Marian Hossa 40 0 1 4
PowerPlay Defense
Defense Defense Time % Phy DF OF
1 Sergei Zubov Ben Lovejoy 60 1 2 2
2 Chris Pronger Roman Hamrlik 40 1 2 2
Penalty Kill 4 Players Forward
Center Wing Time % Phy DF OF
1 Doug Weight Marian Hossa 60 0 3 2
2 Anze Kopitar Ramzi Abid 40 0 3 2
Penalty Kill 4 Players Defense
Defense Defense Time % Phy DF OF
1 Chris Pronger Greg De Vries 60 0 4 1
2 Sergei Zubov Roman Hamrlik 40 0 4 1
Penalty Kill - 3 Players Forward
Forward Time % Phy DF OF
1 Doug Weight 60 1 2 2
2 Olli Jokinen 40 1 2 2
Penalty Kill - 3 Players Defense
Defense Defense Time % Phy DF OF
1 Sergei Zubov Greg De Vries 60 1 3 1
2 Chris Pronger Richard Matvichuk 40 1 3 1
4 vs 4 Forward
Center Wing Time % Phy DF OF
1 Olli Jokinen Marian Hossa 60 1 2 2
2 Anze Kopitar Henrik Zetterberg 40 1 2 2
4 vs 4 Defense
Defense Defense Time % Phy DF OF
1 Sergei Zubov Ben Lovejoy 60 1 2 2
2 Chris Pronger Richard Matvichuk 40 1 2 2
Last Minutes Offensive
Center Left Wing Right Wing Defense Defense
Anze Kopitar Henrik Zetterberg Marian Hossa Sergei Zubov Chris Pronger
Last Minutes Defensive
Center Left Wing Right Wing Defense Defense
Anze Kopitar Henrik Zetterberg Marian Hossa Sergei Zubov Chris Pronger
Goaltenders
Starting : Jimmy Howard
Backup : Dan Ellis
Extra Forwards
Normal : Olli Jokinen, Marian Hossa, Peter Prucha - PP : Olli Jokinen, Peter Prucha - PK : Henrik Zetterberg
Extra Defensemen
Normal : Greg De Vries, Ben Lovejoy, Roman Hamrlik - PP : Richard Matvichuk - PK : Ben Lovejoy, Richard Matvichuk
Penalty Shots
Anze Kopitar, Henrik Zetterberg, Ramzi Abid, Teemu Selanne, Marian Hossa
% Time on Ice - Predators
Lines # - Real PCT - Wanted PCT - Time Play
Normal Forward
1 - 33% - 40% - 14:50
2 - 27% - 25% - 12:09
3 - 27% - 25% - 12:03
4 - 14% - 10% - 6:15
Normal Defense
1 - 40% - 40% - 18:11
2 - 32% - 30% - 14:27
3 - 26% - 25% - 11:55
4 - 2% - 5% - 0:44
PP Forward
1 - 57% - 60% - 4:38
2 - 43% - 40% - 3:30
PP Defense
1 - 58% - 60% - 4:43
2 - 42% - 40% - 3:25
PK Forward
1 - 49% - 50% - 3:14
2 - 51% - 50% - 3:21
PK Defense
1 - 54% - 50% - 3:33
2 - 46% - 50% - 3:02
PK3 Forward
1 - 0% - 50%
2 - 0% - 50%
PK3 Defense
1 - 0% - 50%
2 - 0% - 50%
44 Forward
1 - 81% - 60% - 1:44
2 - 19% - 40% - 0:25
44 Defense
1 - 68% - 60% - 1:28
2 - 32% - 40% - 0:41
Last Minute Offensive - 0:00
Last Minute Defensive - 0:00
Total
Forward - 62:09
Defense - 62:09
|
% Time on Ice - Devils
Lines # - Real PCT - Wanted PCT - Time Play
Normal Forward
1 - 30% - 40% - 13:28
2 - 27% - 30% - 12:19
3 - 20% - 20% - 8:54
4 - 23% - 10% - 10:36
Normal Defense
1 - 42% - 40% - 18:52
2 - 29% - 30% - 12:58
3 - 15% - 20% - 6:40
4 - 15% - 10% - 6:47
PP Forward
1 - 53% - 60% - 3:31
2 - 47% - 40% - 3:04
PP Defense
1 - 56% - 60% - 3:43
2 - 44% - 40% - 2:52
PK Forward
1 - 81% - 60% - 6:35
2 - 19% - 40% - 1:33
PK Defense
1 - 59% - 60% - 4:48
2 - 41% - 40% - 3:20
PK3 Forward
1 - 100% - 60% - 0:24
2 - 0% - 40% - 0:00
PK3 Defense
1 - 100% - 60% - 0:24
2 - 0% - 40% - 0:00
44 Forward
1 - 78% - 60% - 1:22
2 - 22% - 40% - 0:23
44 Defense
1 - 66% - 60% - 1:09
2 - 34% - 40% - 0:36
Last Minute Offensive - 0:00
Last Minute Defensive - 0:00
Total
Forward - 62:09
Defense - 62:09
|
Play by Play
1st period
0:01 of 1st period - Anze Kopitar wins face-off versus Joe Thornton in neutral zone.
0:27 of 1st period - Sergei Zubov is hit by Kent Huskins and loses puck.
0:35 of 1st period - Greg De Vries is hit by Adrian Aucoin and loses puck.
0:54 of 1st period - Snap shot by Oleg Saprykin.
0:54 of 1st period - Stopped by Jimmy Howard with a rebound.
2:44 of 1st period - Snap shot by Henrik Zetterberg.
2:44 of 1st period - Shot Blocked by Paul Mara.
4:07 of 1st period - Marian Hossa is hit by Paul Mara and loses puck.
4:24 of 1st period - Slapshot by Sergei Zubov.
4:24 of 1st period - Stopped by Rick DiPietro without a rebound.
4:25 of 1st period - Joe Thornton wins face-off versus Jason Williams in Predators zone.
4:34 of 1st period - Backhand shot by Alexander Ovechkin.
4:34 of 1st period - Shot Misses the Net.
4:40 of 1st period - Backhand shot by Sergei Zubov.
4:40 of 1st period - Shot Blocked by Adrian Aucoin.
4:42 of 1st period - Snap shot by Jason Williams.
4:42 of 1st period - Deflect By Radek Dvorak.
4:42 of 1st period - Shot Misses the Net.
4:42 of 1st period - Puck is out of play.
4:43 of 1st period - Anze Kopitar wins face-off versus Mike Sillinger in Predators zone.
5:08 of 1st period - Adrian Aucoin is hit by Ramzi Abid and loses puck.
5:26 of 1st period - Icing by Chris Pronger.
5:27 of 1st period - Jeff Tambellini wins face-off versus Olli Jokinen in Devils zone.
5:28 of 1st period - Wrist shot by Adrian Aucoin.
5:28 of 1st period - Stopped by Jimmy Howard without a rebound.
5:29 of 1st period - Todd White wins face-off versus Olli Jokinen in Devils zone.
5:38 of 1st period - Snap shot by Jeff Tambellini.
5:38 of 1st period - Shot Misses the Net.
5:40 of 1st period - Snap shot by Kent Huskins.
5:40 of 1st period - Stopped by Jimmy Howard without a rebound.
5:41 of 1st period - Joe Thornton wins face-off versus Anze Kopitar in Devils zone.
6:32 of 1st period - Snap shot by Chris Kunitz.
6:32 of 1st period - Stopped by Rick DiPietro without a rebound.
6:33 of 1st period - Chris Kunitz wins face-off versus Mike Ribeiro in Predators zone.
6:34 of 1st period - Slapshot by Peter Prucha.
6:34 of 1st period - Stopped by Rick DiPietro with a rebound.
6:42 of 1st period - Snap shot by Michael Grabner.
6:42 of 1st period - Shot Misses the Net.
6:44 of 1st period - Wrist shot by Adrian Aucoin.
6:44 of 1st period - Deflect By Michael Grabner.
6:44 of 1st period - Shot Misses the Net.
6:44 of 1st period - Puck is out of play.
6:45 of 1st period - Joe Thornton wins face-off versus Anze Kopitar in Devils zone.
6:46 of 1st period - Slapshot by Alexander Ovechkin.
6:46 of 1st period - Stopped by Jimmy Howard with a rebound.
7:34 of 1st period - Snap shot by Jean-Pierre Dumont.
7:34 of 1st period - Shot Blocked by Doug Weight.
8:14 of 1st period - Jason Williams is hit by Janne Niinimaa and loses puck.
8:23 of 1st period - Snap shot by Todd White.
8:23 of 1st period - Shot Misses the Net.
8:33 of 1st period - Wrist shot by Chris Pronger.
8:33 of 1st period - Stopped by Rick DiPietro without a rebound.
8:34 of 1st period - Mike Sillinger wins face-off versus Anze Kopitar in Predators zone.
9:06 of 1st period - Wrist shot by Doug Weight.
9:06 of 1st period - Shot Misses the Net.
9:08 of 1st period - Slapshot by Greg De Vries.
9:08 of 1st period - Stopped by Rick DiPietro without a rebound.
9:09 of 1st period - Doug Weight wins face-off versus Joe Thornton in Predators zone.
9:15 of 1st period - Minor Penalty to Mikael Samuelsson for Hooking.
9:16 of 1st period - Mike Sillinger wins face-off versus Anze Kopitar in Predators zone.
9:32 of 1st period - Slapshot by Anze Kopitar.
9:32 of 1st period - Shot Blocked by Robyn Regehr.
9:42 of 1st period - Olli Jokinen is hit by Oleg Saprykin and loses puck.
10:49 of 1st period - Oleg Saprykin is hit by Olli Jokinen and loses puck.
11:15 of 1st period - Penalty to Mikael Samuelsson is over, Mikael Samuelsson is back on ice.
11:18 of 1st period - Mikael Samuelsson is hit by Sergei Zubov and loses puck.
11:33 of 1st period - Wrist shot by Raffi Torres.
11:33 of 1st period - Shot Blocked by Paul Mara.
12:43 of 1st period - Jason Williams is hit by Oleg Saprykin and loses puck.
13:30 of 1st period - Alexander Ovechkin is hit by Chris Pronger and loses puck.
13:41 of 1st period - Wrist shot by Alexander Ovechkin.
13:41 of 1st period - Shot Blocked by Doug Weight.
13:47 of 1st period - Teemu Selanne is hit by Jeff Tambellini and loses puck.
13:58 of 1st period - Ryan Mcdonagh is hit by Olli Jokinen and loses puck.
14:03 of 1st period - Snap shot by Chris Kunitz.
14:03 of 1st period - Stopped by Rick DiPietro with a rebound.
14:05 of 1st period - Slapshot by Chris Pronger.
14:05 of 1st period - Shot Blocked by Robyn Regehr.
14:36 of 1st period - Paul Mara is hit by Chris Pronger and loses puck.
14:51 of 1st period - Chris Kunitz is hit by Paul Mara and loses puck.
15:08 of 1st period - Mike Sillinger is hit by Ramzi Abid.
15:23 of 1st period - Marian Hossa is hit by Alexander Steen and loses puck.
15:47 of 1st period - Wrist shot by Radek Dvorak.
15:47 of 1st period - Stopped by Rick DiPietro without a rebound.
15:48 of 1st period - Doug Weight wins face-off versus Mike Sillinger in Predators zone.
15:53 of 1st period - Snap shot by Ramzi Abid.
15:53 of 1st period - Stopped by Rick DiPietro with a rebound.
16:20 of 1st period - Backhand shot by Joe Thornton.
16:20 of 1st period - Shot Misses the Net.
16:51 of 1st period - Snap shot by Roman Hamrlik.
16:51 of 1st period - Deflect By Chris Kunitz.
16:51 of 1st period - Shot Blocked by Janne Niinimaa.
16:51 of 1st period - Puck is out of play.
16:52 of 1st period - Joe Thornton wins face-off versus Anze Kopitar in Predators zone.
17:28 of 1st period - Slapshot by Jean-Pierre Dumont.
17:28 of 1st period - Shot Misses the Net.
18:04 of 1st period - Robyn Regehr is hit by Marian Hossa and loses puck.
18:29 of 1st period - Radek Dvorak is hit by Joe Thornton and loses puck.
18:47 of 1st period - Wrist shot by Jean-Pierre Dumont.
18:47 of 1st period - Stopped by Jimmy Howard without a rebound.
18:48 of 1st period - Anze Kopitar wins face-off versus Mike Ribeiro in Devils zone.
19:05 of 1st period - Alexander Steen is hit by Henrik Zetterberg and loses puck.
19:18 of 1st period - Snap shot by Chris Kunitz.
19:18 of 1st period - Stopped by Rick DiPietro without a rebound.
19:19 of 1st period - Mikael Samuelsson wins face-off versus Olli Jokinen in Predators zone.
19:24 of 1st period - Joe Thornton is hit by Olli Jokinen and loses puck.
19:52 of 1st period - Wrist shot by Jean-Pierre Dumont.
19:52 of 1st period - Shot Misses the Net.
19:54 of 1st period - Wrist shot by Mike Sillinger.
19:54 of 1st period - Stopped by Jimmy Howard with a rebound.
2nd period
0:01 of 2nd period - Joe Thornton wins face-off versus Anze Kopitar in neutral zone.
1:26 of 2nd period - Slapshot by Sergei Zubov.
1:26 of 2nd period - Shot Misses the Net.
1:58 of 2nd period - Snap shot by Doug Weight.
1:58 of 2nd period - Stopped by Rick DiPietro with a rebound.
2:00 of 2nd period - Slapshot by Greg De Vries.
2:00 of 2nd period - Shot Blocked by Jean-Pierre Dumont.
2:15 of 2nd period - Paul Mara is hit by Peter Prucha and loses puck.
2:34 of 2nd period - Snap shot by Jeff Tambellini.
2:34 of 2nd period - Goal by Jeff Tambellini - Predators : 1 - Devils : 0.
2:35 of 2nd period - Joe Thornton wins face-off versus Anze Kopitar in neutral zone.
2:38 of 2nd period - Ben Lovejoy is hit by Adrian Aucoin and loses puck.
2:54 of 2nd period - Icing by Kent Huskins.
2:55 of 2nd period - Joe Thornton wins face-off versus Doug Weight in Predators zone.
3:06 of 2nd period - Backhand shot by Teemu Selanne.
3:06 of 2nd period - Stopped by Rick DiPietro without a rebound.
3:07 of 2nd period - Mike Sillinger wins face-off versus Anze Kopitar in Predators zone.
3:07 of 2nd period - Mike Sillinger is hit by Henrik Zetterberg.
3:08 of 2nd period - Minor Penalty to Chris Pronger for Cross-checking.
3:09 of 2nd period - Joe Thornton wins face-off versus Doug Weight in Devils zone.
3:16 of 2nd period - Snap shot by Alexander Ovechkin.
3:16 of 2nd period - Stopped by Jimmy Howard with a rebound.
3:24 of 2nd period - Snap shot by Joe Thornton.
3:24 of 2nd period - Shot Blocked by Greg De Vries.
3:26 of 2nd period - Wrist shot by Alexander Ovechkin.
3:26 of 2nd period - Stopped by Jimmy Howard with a rebound.
3:44 of 2nd period - Off-side.
3:45 of 2nd period - Joe Thornton wins face-off versus Anze Kopitar in neutral zone.
3:56 of 2nd period - Slapshot by Joe Thornton.
3:56 of 2nd period - Stopped by Jimmy Howard without a rebound.
3:57 of 2nd period - Joe Thornton wins face-off versus Doug Weight in Devils zone.
3:58 of 2nd period - Wrist shot by Alexander Ovechkin.
3:58 of 2nd period - Stopped by Jimmy Howard with a rebound.
5:08 of 2nd period - Penalty to Chris Pronger is over, Chris Pronger is back on ice.
5:15 of 2nd period - Minor Penalty to Kent Huskins for Tripping.
5:16 of 2nd period - Teemu Selanne wins face-off versus Todd White in Predators zone.
5:29 of 2nd period - Alexander Ovechkin is hit by Sergei Zubov and loses puck.
7:15 of 2nd period - Penalty to Kent Huskins is over, Kent Huskins is back on ice.
7:29 of 2nd period - Wrist shot by Alexander Steen.
7:29 of 2nd period - Stopped by Jimmy Howard without a rebound.
7:30 of 2nd period - Jason Williams wins face-off versus Mike Ribeiro in Devils zone.
7:35 of 2nd period - Wrist shot by Alexander Steen.
7:35 of 2nd period - Stopped by Jimmy Howard with a rebound.
7:37 of 2nd period - Slapshot by Robyn Regehr.
7:37 of 2nd period - Stopped by Jimmy Howard without a rebound.
7:38 of 2nd period - Jason Williams wins face-off versus Mike Ribeiro in Devils zone.
8:28 of 2nd period - Double Minor Penalty to Henrik Zetterberg for Roughing.
8:29 of 2nd period - Joe Thornton wins face-off versus Doug Weight in Devils zone.
8:52 of 2nd period - Doug Weight is hit by Joe Thornton.
9:04 of 2nd period - Slapshot by Janne Niinimaa.
9:04 of 2nd period - Goal by Janne Niinimaa - Predators : 2 - Devils : 0.
9:05 of 2nd period - Doug Weight wins face-off versus Joe Thornton in neutral zone.
9:39 of 2nd period - Wrist shot by Alexander Steen.
9:39 of 2nd period - Stopped by Jimmy Howard with a rebound.
9:41 of 2nd period - Snap shot by Mike Ribeiro.
9:41 of 2nd period - Stopped by Jimmy Howard without a rebound.
9:42 of 2nd period - Anze Kopitar wins face-off versus Mike Ribeiro in Devils zone.
9:55 of 2nd period - Slapshot by Robyn Regehr.
9:55 of 2nd period - Shot Misses the Net.
10:07 of 2nd period - Snap shot by Alexander Steen.
10:07 of 2nd period - Shot Blocked by Roman Hamrlik.
10:27 of 2nd period - Slapshot by Janne Niinimaa.
10:27 of 2nd period - Shot Misses the Net.
11:03 of 2nd period - Snap shot by Joe Thornton.
11:03 of 2nd period - Stopped by Jimmy Howard with a rebound.
11:04 of 2nd period - Penalty to Henrik Zetterberg is over, Henrik Zetterberg is back on ice.
11:05 of 2nd period - Snap shot by Joe Thornton.
11:05 of 2nd period - Stopped by Jimmy Howard without a rebound.
11:06 of 2nd period - Jason Williams wins face-off versus Joe Thornton in Devils zone.
11:06 of 2nd period - Jason Williams is hit by Alexander Ovechkin.
11:43 of 2nd period - Jean-Pierre Dumont is hit by Chris Pronger.
11:55 of 2nd period - Slapshot by Jeff Tambellini.
11:55 of 2nd period - Shot Hit the Post.
12:12 of 2nd period - Teemu Selanne is hit by Alexander Ovechkin and loses puck.
12:31 of 2nd period - Snap shot by Doug Weight.
12:31 of 2nd period - Stopped by Rick DiPietro without a rebound.
12:32 of 2nd period - Mike Sillinger wins face-off versus Anze Kopitar in Predators zone.
12:38 of 2nd period - Minor Penalty to Mike Sillinger for Hooking.
12:39 of 2nd period - Olli Jokinen wins face-off versus Joe Thornton in Predators zone.
12:40 of 2nd period - Wrist shot by Henrik Zetterberg.
12:40 of 2nd period - Stopped by Rick DiPietro without a rebound.
12:41 of 2nd period - Joe Thornton wins face-off versus Olli Jokinen in Predators zone.
13:09 of 2nd period - Joe Thornton is hit by Sergei Zubov and loses puck.
13:14 of 2nd period - Snap shot by Henrik Zetterberg.
13:14 of 2nd period - Stopped by Rick DiPietro without a rebound.
13:15 of 2nd period - Todd White wins face-off versus Anze Kopitar in Predators zone.
13:41 of 2nd period - Chris Pronger is hit by Alexander Ovechkin and loses puck.
14:38 of 2nd period - Penalty to Mike Sillinger is over, Mike Sillinger is back on ice.
14:53 of 2nd period - Slapshot by Sergei Zubov.
14:53 of 2nd period - Deflect By Radek Dvorak.
14:53 of 2nd period - Shot Misses the Net.
14:53 of 2nd period - Puck is out of play.
14:54 of 2nd period - Mike Ribeiro wins face-off versus Jason Williams in Predators zone.
15:07 of 2nd period - Michael Grabner is hit by Radek Dvorak and loses puck.
15:24 of 2nd period - Snap shot by Alexander Steen.
15:24 of 2nd period - Stopped by Jimmy Howard with a rebound.
16:07 of 2nd period - Snap shot by Alexander Steen.
16:07 of 2nd period - Deflect By Mike Ribeiro.
16:07 of 2nd period - Stopped by Jimmy Howard with a rebound.
16:13 of 2nd period - Raffi Torres is hit by Ryan Mcdonagh and loses puck.
16:42 of 2nd period - Snap shot by Michael Grabner.
16:42 of 2nd period - Shot Misses the Net.
17:32 of 2nd period - Slapshot by Sergei Zubov.
17:32 of 2nd period - Goal by Sergei Zubov - Predators : 2 - Devils : 1.
17:33 of 2nd period - Mikael Samuelsson wins face-off versus Anze Kopitar in neutral zone.
17:40 of 2nd period - Wrist shot by Alexander Ovechkin.
17:40 of 2nd period - Shot Blocked by Henrik Zetterberg.
18:06 of 2nd period - Wrist shot by Peter Prucha.
18:06 of 2nd period - Shot Blocked by Mikael Samuelsson.
18:08 of 2nd period - Wrist shot by Chris Kunitz.
18:08 of 2nd period - Shot Misses the Net.
18:10 of 2nd period - Snap shot by Peter Prucha.
18:10 of 2nd period - Stopped by Rick DiPietro without a rebound.
18:11 of 2nd period - Anze Kopitar wins face-off versus Mike Sillinger in Predators zone.
18:14 of 2nd period - Wrist shot by Henrik Zetterberg.
18:14 of 2nd period - Stopped by Rick DiPietro without a rebound.
18:15 of 2nd period - Mike Sillinger wins face-off versus Anze Kopitar in Predators zone.
19:00 of 2nd period - Slapshot by Chris Pronger.
19:00 of 2nd period - Stopped by Rick DiPietro without a rebound.
19:01 of 2nd period - Doug Weight wins face-off versus Joe Thornton in Predators zone.
19:08 of 2nd period - Snap shot by Teemu Selanne.
19:08 of 2nd period - Deflect By Doug Weight.
19:08 of 2nd period - Shot Misses the Net.
19:08 of 2nd period - Puck is out of play.
19:09 of 2nd period - Doug Weight wins face-off versus Joe Thornton in Predators zone.
19:10 of 2nd period - Snap shot by Teemu Selanne.
19:10 of 2nd period - Stopped by Rick DiPietro with a rebound.
19:44 of 2nd period - Snap shot by Alexander Ovechkin.
19:44 of 2nd period - Shot Blocked by Roman Hamrlik.
19:50 of 2nd period - Wrist shot by Joe Thornton.
19:50 of 2nd period - Stopped by Jimmy Howard with a rebound.
19:52 of 2nd period - Backhand shot by Joe Thornton.
19:52 of 2nd period - Stopped by Jimmy Howard with a rebound.
19:54 of 2nd period - Slapshot by Kent Huskins.
19:54 of 2nd period - Stopped by Jimmy Howard with a rebound.
3rd period
0:01 of 3rd period - Anze Kopitar wins face-off versus Joe Thornton in neutral zone.
0:10 of 3rd period - Wrist shot by Henrik Zetterberg.
0:10 of 3rd period - Shot Misses the Net.
0:12 of 3rd period - Snap shot by Marian Hossa.
0:12 of 3rd period - Stopped by Rick DiPietro with a rebound.
0:14 of 3rd period - Wrist shot by Marian Hossa.
0:14 of 3rd period - Stopped by Rick DiPietro with a rebound.
0:16 of 3rd period - Slapshot by Greg De Vries.
0:16 of 3rd period - Deflect By Anze Kopitar.
0:16 of 3rd period - Shot Misses the Net.
0:16 of 3rd period - Puck is out of play.
0:17 of 3rd period - Doug Weight wins face-off versus Oleg Saprykin in Predators zone.
0:23 of 3rd period - Icing by Mike Sillinger.
0:24 of 3rd period - Ramzi Abid wins face-off versus Mike Sillinger in Predators zone.
0:25 of 3rd period - Wrist shot by Teemu Selanne.
0:25 of 3rd period - Stopped by Rick DiPietro without a rebound.
0:26 of 3rd period - Doug Weight wins face-off versus Mike Sillinger in Predators zone.
0:47 of 3rd period - Minor Penalty to Doug Weight for Hooking.
0:48 of 3rd period - Henrik Zetterberg wins face-off versus Joe Thornton in Devils zone.
1:22 of 3rd period - Alexander Steen is hit by Roman Hamrlik and loses puck.
1:30 of 3rd period - Icing by Mike Ribeiro.
1:31 of 3rd period - Mike Ribeiro wins face-off versus Henrik Zetterberg in Predators zone.
2:03 of 3rd period - Chris Pronger is hit by Jean-Pierre Dumont and loses puck.
2:24 of 3rd period - Snap shot by Joe Thornton.
2:24 of 3rd period - Stopped by Jimmy Howard without a rebound.
2:25 of 3rd period - Mike Ribeiro wins face-off versus Henrik Zetterberg in Devils zone.
2:26 of 3rd period - Slapshot by Michael Grabner.
2:26 of 3rd period - Stopped by Jimmy Howard without a rebound.
2:27 of 3rd period - Henrik Zetterberg wins face-off versus Mike Ribeiro in Devils zone.
2:47 of 3rd period - Penalty to Doug Weight is over, Doug Weight is back on ice.
4:07 of 3rd period - Michael Grabner is hit by Peter Prucha and loses puck.
4:12 of 3rd period - Snap shot by Olli Jokinen.
4:12 of 3rd period - Stopped by Rick DiPietro with a rebound.
4:14 of 3rd period - Slapshot by Richard Matvichuk.
4:14 of 3rd period - Shot Misses the Net.
4:16 of 3rd period - Slapshot by Greg De Vries.
4:16 of 3rd period - Shot Blocked by Alexander Steen.
4:26 of 3rd period - Mariusz Czerkawski is hit by Doug Weight and loses puck.
5:10 of 3rd period - Wrist shot by Joe Thornton.
5:10 of 3rd period - Stopped by Jimmy Howard with a rebound.
5:12 of 3rd period - Slapshot by Adrian Aucoin.
5:12 of 3rd period - Stopped by Jimmy Howard without a rebound.
5:13 of 3rd period - Doug Weight wins face-off versus Alexander Ovechkin in Devils zone.
5:26 of 3rd period - Wrist shot by Sergei Zubov.
5:26 of 3rd period - Stopped by Rick DiPietro with a rebound.
6:47 of 3rd period - Slapshot by Ramzi Abid.
6:47 of 3rd period - Shot Hit the Post.
7:41 of 3rd period - Adrian Aucoin is hit by Sergei Zubov and loses puck.
7:50 of 3rd period - Wrist shot by Todd White.
7:50 of 3rd period - Shot Misses the Net.
8:10 of 3rd period - Ramzi Abid is hit by Mikael Samuelsson and loses puck.
9:21 of 3rd period - Henrik Zetterberg is hit by Janne Niinimaa and loses puck.
9:34 of 3rd period - Slapshot by Roman Hamrlik.
9:34 of 3rd period - Deflect By Jean-Pierre Dumont.
9:34 of 3rd period - Stopped by Rick DiPietro with a rebound.
9:36 of 3rd period - Slapshot by Roman Hamrlik.
9:36 of 3rd period - Stopped by Rick DiPietro without a rebound.
9:37 of 3rd period - Mike Sillinger wins face-off versus Jason Williams in Predators zone.
9:48 of 3rd period - Snap shot by Mike Sillinger.
9:48 of 3rd period - Shot Blocked by Radek Dvorak.
9:50 of 3rd period - Snap shot by Mike Sillinger.
9:50 of 3rd period - Shot Misses the Net.
9:52 of 3rd period - Slapshot by Robyn Regehr.
9:52 of 3rd period - Shot Misses the Net.
10:09 of 3rd period - Snap shot by Joe Thornton.
10:09 of 3rd period - Deflect By Alexander Ovechkin.
10:09 of 3rd period - Stopped by Jimmy Howard with a rebound.
10:28 of 3rd period - Minor Penalty to Kent Huskins for Hooking.
10:29 of 3rd period - Todd White wins face-off versus Anze Kopitar in Predators zone.
10:49 of 3rd period - Robyn Regehr is hit by Teemu Selanne and loses puck.
11:04 of 3rd period - Wrist shot by Marian Hossa.
11:04 of 3rd period - Shot Blocked by Robyn Regehr.
11:06 of 3rd period - Snap shot by Marian Hossa.
11:06 of 3rd period - Goal by Marian Hossa - Predators : 2 - Devils : 2.
11:07 of 3rd period - Joe Thornton wins face-off versus Anze Kopitar in neutral zone.
12:39 of 3rd period - Icing by Radek Dvorak.
12:40 of 3rd period - Joe Thornton wins face-off versus Anze Kopitar in Devils zone.
13:11 of 3rd period - Snap shot by Oleg Saprykin.
13:11 of 3rd period - Stopped by Jimmy Howard with a rebound.
13:13 of 3rd period - Snap shot by Mike Sillinger.
13:13 of 3rd period - Stopped by Jimmy Howard with a rebound.
13:15 of 3rd period - Snap shot by Mike Sillinger.
13:15 of 3rd period - Shot Misses the Net.
13:17 of 3rd period - Snap shot by Mike Sillinger.
13:17 of 3rd period - Stopped by Jimmy Howard without a rebound.
13:18 of 3rd period - Alexander Ovechkin wins face-off versus Anze Kopitar in Devils zone.
13:29 of 3rd period - Slapshot by Joe Thornton.
13:29 of 3rd period - Shot Misses the Net.
13:34 of 3rd period - Off-side.
13:35 of 3rd period - Mike Sillinger wins face-off versus Doug Weight in neutral zone.
15:22 of 3rd period - Slapshot by Chris Kunitz.
15:22 of 3rd period - Stopped by Rick DiPietro with a rebound.
15:38 of 3rd period - Snap shot by Sergei Zubov.
15:38 of 3rd period - Deflect By Jason Williams.
15:38 of 3rd period - Shot Misses the Net.
15:38 of 3rd period - Puck is out of play.
15:39 of 3rd period - Mike Ribeiro wins face-off versus Anze Kopitar in Predators zone.
15:56 of 3rd period - Slapshot by Greg De Vries.
15:56 of 3rd period - Stopped by Rick DiPietro without a rebound.
15:57 of 3rd period - Olli Jokinen wins face-off versus Jean-Pierre Dumont in Predators zone.
16:06 of 3rd period - Snap shot by Sergei Zubov.
16:06 of 3rd period - Deflect By Olli Jokinen.
16:06 of 3rd period - Stopped by Rick DiPietro without a rebound.
16:07 of 3rd period - Olli Jokinen wins face-off versus Mike Sillinger in Predators zone.
16:16 of 3rd period - Wrist shot by Chris Kunitz.
16:16 of 3rd period - Stopped by Rick DiPietro with a rebound.
16:18 of 3rd period - Snap shot by Peter Prucha.
16:18 of 3rd period - Shot Misses the Net.
16:20 of 3rd period - Wrist shot by Peter Prucha.
16:20 of 3rd period - Stopped by Rick DiPietro with a rebound.
16:44 of 3rd period - Wrist shot by Oleg Saprykin.
16:44 of 3rd period - Shot Misses the Net.
16:58 of 3rd period - Snap shot by Olli Jokinen.
16:58 of 3rd period - Stopped by Rick DiPietro with a rebound.
17:04 of 3rd period - Snap shot by Chris Kunitz.
17:04 of 3rd period - Shot Misses the Net.
17:06 of 3rd period - Wrist shot by Chris Kunitz.
17:06 of 3rd period - Stopped by Rick DiPietro with a rebound.
17:08 of 3rd period - Slapshot by Sergei Zubov.
17:08 of 3rd period - Shot Misses the Net.
17:10 of 3rd period - Wrist shot by Peter Prucha.
17:10 of 3rd period - Stopped by Rick DiPietro without a rebound.
17:11 of 3rd period - Anze Kopitar wins face-off versus Joe Thornton in Predators zone.
17:16 of 3rd period - Snap shot by Marian Hossa.
17:16 of 3rd period - Stopped by Rick DiPietro without a rebound.
17:17 of 3rd period - Anze Kopitar wins face-off versus Joe Thornton in Predators zone.
17:28 of 3rd period - Wrist shot by Henrik Zetterberg.
17:28 of 3rd period - Stopped by Rick DiPietro without a rebound.
17:29 of 3rd period - Joe Thornton wins face-off versus Anze Kopitar in Predators zone.
17:45 of 3rd period - Off-side.
17:46 of 3rd period - Peter Prucha wins face-off versus Mike Sillinger in neutral zone.
18:24 of 3rd period - Minor Penalty to Greg De Vries for Interference.
18:25 of 3rd period - Doug Weight wins face-off versus Joe Thornton in Devils zone.
18:38 of 3rd period - Slapshot by Joe Thornton.
18:38 of 3rd period - Shot Hit the Post.
18:52 of 3rd period - Doug Weight is hit by Mike Ribeiro and loses puck.
19:46 of 3rd period - Icing by Ryan Mcdonagh.
19:47 of 3rd period - Doug Weight wins face-off versus Alexander Ovechkin in Predators zone.
19:56 of 3rd period - Sergei Zubov is hit by Michael Grabner and loses puck.
Overtime #1
0:01 of 1st overtime period - Doug Weight wins face-off versus Joe Thornton in neutral zone.
0:08 of 1st overtime period - Slapshot by Sergei Zubov.
0:08 of 1st overtime period - Stopped by Rick DiPietro without a rebound.
0:09 of 1st overtime period - Doug Weight wins face-off versus Joe Thornton in Predators zone.
0:24 of 1st overtime period - Penalty to Greg De Vries is over, Greg De Vries is back on ice.
0:29 of 1st overtime period - Off-side.
0:30 of 1st overtime period - Joe Thornton wins face-off versus Olli Jokinen in neutral zone.
1:47 of 1st overtime period - Snap shot by Alexander Steen.
1:47 of 1st overtime period - Shot Misses the Net.
2:07 of 1st overtime period - Slapshot by Kent Huskins.
2:07 of 1st overtime period - Shot Blocked by Chris Pronger.
2:09 of 1st overtime period - Slapshot by Mike Ribeiro.
2:09 of 1st overtime period - Goal by Mike Ribeiro - Predators : 3 - Devils : 2.
Output by the SimonT Hockey Simulator (STHS) for François Prévost -- Original Page W3C XHTML 1.0 Valid